 Dungeon Crawl Stone Soup version 0.25-a0-67-g7dccc1bee0 (webtiles) character file.

Game seed: 12969028200052345960, levelgen mode: deterministic

3579 iamserjio the Fighter (level 10, -8/76 (77) HPs)
             Began as an Octopode Abyssal Knight on Nov 1, 2019.
             Was an Elder of Lugonu.
             Mangled by a troll (13 damage)
             ... on level 7 of the Dungeon.
             The game lasted 00:10:29 (10360 turns).

iamserjio the Fighter (Octopode Abyssal Knight)    Turns: 10360, Time: 00:10:30

HP:   -8/76 (77)    AC:  1    Str: 12    XL:     10   Next: 10%
MP:   11/12         EV: 16    Int: 15    God:    Lugonu [****..]
Gold: 500           SH: 10    Dex: 14    Spells: 9/9 levels left

rFire    + . .     SeeInvis .   M - +4 morningstar of Liliycs {crush, rF+ rN+}
rCold    . . .     Gourm    +   r - +1 shield
rNeg     + . .     Faith    .   (helmet restricted)
rPois    .         Spirit   .   h - amulet of the gourmand
rElec    .         Reflect  .   (no ring)
rCorr    .         Harm     .   (no ring)
MR       .....                  (no ring)
Stlth    ++........             (no ring)
HPRegen  0.22/turn              (no ring)
MPRegen  0.13/turn              (no ring)
                                (no ring)
                                (no ring)

@: lethally poisoned (-8 -> -10)
A: almost no armour, stealthy swim, amphibious, 8 rings, constrict 8, camouflage
1, gelatinous body 1
a: Depart the Abyss, Bend Space, Banish, Corrupt, Renounce Religion


You were on level 7 of the Dungeon.
You worshipped Lugonu.
Lugonu was greatly pleased with you.
You were very full.

You visited 2 branches of the dungeon, and saw 9 of its levels.
You visited the Abyss 1 time.

You collected 500 gold pieces.

Inventory:

Hand Weapons
 g - a +1 dagger of freezing
 p - a +0 short sword of venom
 y - the +1 short sword "Kewni" {holy, +Rage +Fly rC+ Stlth+}
   (You found it on level 4 of the Dungeon)

   It has been blessed by the Shining One to cause great damage to the undead
   and demons.
   It protects you from cold.
   It lets you fly.
   It lets you go berserk.
   It makes you more stealthy.
 H - a +1 war axe of freezing
 I - a +1 flail of protection
 M - the +4 morningstar of Liliycs (weapon) {crush, rF+ rN+}
   (You found it on level 6 of the Dungeon)

   It inflicts extra damage upon your enemies.
   It protects you from fire.
   It protects you from negative energy.
Missiles
 n - 21 poisoned darts (quivered)
 v - 4 silver javelins
 x - 4 boomerangs
 F - a throwing net {!f}
Armour
 r - a +1 shield (worn)
Jewellery
 h - an amulet of the gourmand (around mantle)
Wands
 s - a wand of paralysis (8)
 G - a wand of digging (3)
Scrolls
 e - 2 scrolls of enchant weapon {unknown}
 k - a scroll of fear {unknown}
 o - 2 scrolls of teleportation {unknown}
 t - 4 scrolls of remove curse {@r2}
 D - 2 scrolls of amnesia
 J - a scroll of holy word
Potions
 c - 4 potions of agility
 d - a potion of flight
 l - a potion of brilliance
 m - 2 potions of lignification
 u - a potion of haste
 w - a potion of degeneration
 B - a potion of magic
 C - a potion of mutation {unknown}
 E - a potion of ambrosia {unknown}
 K - 2 potions of cancellation {unknown}
 L - 4 potions of curing {unknown}
Comestibles
 b - 18 rations


   Skills:
 + Level 10.3 Fighting
 - Level 2.0 Short Blades
 * Level 1.3 Maces & Flails
 + Level 7.7 Dodging
 - Level 6.0 Shields
 - Level 2.6 Invocations
 - Level 2.0 Evocations


You had 9 spell levels left.
You didn't know any spells.
Your spell library was empty.

Dungeon Overview and Level Annotations

Branches:
Dungeon (8/15)             Temple (1/1) D:4
   Lair: D:8-11

Altars:
Cheibriados
Fedhas
Hepliaklqana
Makhleb
Nemelex Xobeh
Okawaru
Sif Muna

Shops:
D:4 :


Innate Abilities, Weirdness & Mutations

You cannot wear most types of armour.
You are very stealthy in the water. (Stealth+)
You are amphibious.
You can wear up to eight rings at the same time.
You can use your tentacles to constrict eight enemies at once.
Your skin changes colour to match your surroundings (Stealth+).
Your rubbery body absorbs attacks. (AC +1, EV +1)


Message History

You are electrocuted!
You puncture the big kobold! You squeeze the big kobold.
You kill the big kobold!
You feel sick. The troll bites you!! The troll completely misses you.
The troll claws you!
* * * LOW HITPOINT WARNING * * *
You feel sick.
You feel sick.
There is an open door here.
You feel sick.
You feel sick.
You don't know any spells.
Unknown command.
Space bends around you!
You blink.
You feel sick.
You fail to use your ability.
A worker ant comes into view.
The troll barely misses you. The troll closely misses you. The troll claws you!
You die...

........#...##.....#
.......####.......##
......#####.......#
..#..............##
####.......##..######## #
#....##...###..#..a.
###[##...###......#######
###......###........#..Y).#
#......###......@...#.###.#
.....##.........T.#.'.# #
###....###........#.#.#
###.##...###...§..#.#...
..>.####...###....#.#######..
#...# #.....###..#.........# ##
##..####.......#####...#########.
##...##..........##..÷......##...
##...#.....###....#.###.###.#...#


You could see a troll and a worker ant (wandering).

Vanquished Creatures
  3 hippogriffs
  Sigmund (D:5)
  A shadow (D:8)
  A hungry ghost (D:7)
  Edmund (D:5)
  A water moccasin (D:7)
  Duvessa (D:4)
  An ice beast (D:7)
  A sky beast (D:6)
  4 ogres
  A necrophage (D:7)
  3 centaurs (D:6)
  A phantom (D:6)
  A bullfrog (D:7)
  2 big kobolds (D:7)
  Blork the orc (D:5)
  A scorpion (D:4)
  Dowan (D:4)
  3 howler monkeys
  A bullfrog zombie (D:8)
  2 crimson imps
  3 orc priests (D:4)
  A centaur skeleton (D:4)
  4 hounds
  2 iguanas (D:4)
  3 bullfrog skeletons
  An orc wizard (D:4)
  4 worker ants
  A hound zombie (D:8)
  A hound skeleton (D:4)
  A howler monkey zombie (D:7)
  2 worker ant zombies
  11 adders
  A shadow imp (D:7)
  3 oozes
  An adder skeleton (D:4)
  2 worms
  3 dart slugs
  7 leopard geckos
  16 orcs
  6 bats
  5 giant cockroaches
  11 hobgoblins
  6 jackals
  4 quokkas
  A ball python (D:4)
  3 frilled lizards (D:1)
  8 goblins
  14 kobolds
  A leopard gecko skeleton (D:4)
  A quokka skeleton (D:6)
  6 rats
165 creatures vanquished.

Notes
Turn   | Place    | Note
-------+----------+-------------------------------------------
     0 | Abyss:1  | iamserjio the Octopode Abyssal Knight began the quest for
                  | the Orb.
     0 | Abyss:1  | Reached XP level 1. HP: 16/16 MP: 2/2
    41 | Abyss:1  | Found a burning altar of Makhleb.
    45 | Abyss:1  | Noticed a fire bat
    47 | D:1      | Escaped the Abyss
   233 | D:1      | Reached * piety under Lugonu
   305 | D:1      | Reached XP level 2. HP: 21/21 MP: 3/3
   804 | D:1      | Reached XP level 3. HP: 13/26 MP: 4/4
  1622 | D:2      | Found a blossoming altar of Fedhas.
  1622 | D:2      | Found a burning altar of Makhleb.
  1622 | D:2      | Found a hazy altar of Hepliaklqana.
  2080 | D:2      | Found a blossoming altar of Fedhas.
  2080 | D:2      | Found a hazy altar of Hepliaklqana.
  2081 | D:2      | Found a burning altar of Makhleb.
  2584 | D:3      | Reached XP level 4. HP: 33/33 MP: 5/5
  2718 | D:3      | Reached ** piety under Lugonu
  2908 | D:3      | Reached skill level 4 in Fighting
  3003 | D:3      | Reached XP level 5. HP: 16/37 MP: 7/7
  3079 | D:3      | Reached skill level 1 in Evocations
  3451 | D:3      | Reached skill level 1 in Shields
  4329 | D:4      | Reached XP level 6. HP: 35/44 MP: 8/8
  4516 | D:4      | Reached skill level 5 in Fighting
  4576 | D:4      | Found a staircase to the Ecumenical Temple.
  4652 | Temple   | Entered the Ecumenical Temple
  4836 | D:4      | Found Zapry's Book Shoppe.
  4862 | D:4      | Reached XP level 7. HP: 24/50 MP: 9/9
  5078 | D:4      | Got an iridescent short sword
  5107 | D:4      | Reached *** piety under Lugonu
  5323 | D:4      | Found an iron altar of Okawaru.
  5330 | D:4      | Noticed Dowan
  5350 | D:4      | Killed Dowan
  5547 | D:4      | Noticed Duvessa
  5561 | D:4      | Killed Duvessa
  5561 | D:4      | Reached skill level 6 in Fighting
  6005 | D:4      | Found a snail-covered altar of Cheibriados.
  6131 | D:5      | Entered Level 5 of the Dungeon
  6160 | D:5      | Noticed Sigmund
  6170 | D:5      | Killed Sigmund
  6170 | D:5      | Reached skill level 5 in Dodging
  6170 | D:5      | Reached XP level 8. HP: 46/58 MP: 10/10
  6714 | D:5      | Noticed Blork the orc
  6720 | D:5      | Killed Blork the orc
  6720 | D:5      | Reached skill level 7 in Fighting
  6962 | D:5      | Noticed Edmund
  6973 | D:5      | Killed Edmund
  7641 | D:6      | Reached skill level 8 in Fighting
  7680 | D:6      | Reached XP level 9. HP: 26/66 MP: 11/11
  7744 | D:6      | Reached skill level 5 in Shields
  8057 | D:6      | Identified the +1 short sword "Kewni" {holy, +Rage +Fly rC+
                  | Stlth+} (You found it on level 4 of the Dungeon)
  8414 | D:6      | Found a sparkling altar of Nemelex Xobeh.
  8480 | D:6      | Got a shimmering morningstar
  8552 | D:6      | Identified the +4 morningstar of Liliycs {crush, rF+ rN+}
                  | (You found it on level 6 of the Dungeon)
  8929 | D:7      | Reached skill level 9 in Fighting
  9385 | D:7      | You fall into a shaft and drop 1 floor!
  9447 | D:8      | Reached **** piety under Lugonu
  9772 | D:7      | Reached skill level 10 in Fighting
 10087 | D:7      | Reached XP level 10. HP: 64/75 MP: 12/12
 10242 | D:7      | Noticed a two-headed ogre
 10347 | D:7      | Reached skill level 1 in Maces & Flails
 10360 | D:7      | Mangled by a troll

Levels and vault maps discovered:
D:1:      enne_arrival_octagon_isle, layout_loops_corners,
          minmay_misc_feat_pillars
D:2:      layout_loops_ring, gammafunk_temple_overflow_forgotten,
          chequers_serial_rivers_micro_b
D:3:      layout_rooms
D:4:      layout_basic, okawaru_trees_2, kennysheep_mini,
          minmay_temple_entry_hall, serial_shops, shop, uniq_duvessa
D:5:      layout_basic, first_ration, uniq_edmund, uniq_blork_the_orc,
          uniq_sigmund
D:6:      layout_cave_pools, basic_altar, hangedman_minor_gate_pass
D:7:      minmay_the_grid_four_pointed_star
          [minmay_the_grid_triangle_9x9_wacky_v,
          minmay_the_grid_triangle_9x9_windchime,
          minmay_the_grid_triangle_9x9_empty,
          minmay_the_grid_triangle_9x9_sparse_checkered,
          minmay_the_grid_prize_shrinking_boxes], layout_layer_cave
D:8:      layout_rooms, kennysheep_little_box, uniq_maurice, uniq_joseph
Temple:   nicolae_temple_elliptical

Skill      XL: |  1  2  3  4  5  6  7  8  9 10 |
---------------+-------------------------------+-----
Dodging        | 3 4 5 6 7 |  7.7
Fighting       | 4 5 6 8 10 | 10.3
Evocations     | 1 2 |  2.0
Shields        | 1 2 3 4 6 |  6.0
Maces & Flails | 1 |  1.3
Short Blades   | |  2.0
Invocations    | |  2.6

Action                   |  1- 3 |  4- 6 |  7- 9 | 10-12 || total
-------------------------+-------+-------+-------+-------++-------
Melee: Short sword       |    74 |   140 |   169 |       ||   383
       Constrict         |    18 |    43 |    39 |     1 ||   101
       Tentacles         |    11 |    26 |    53 |     4 ||    94
       Dagger            |     8 |       |       |       ||     8
       Morningstar       |       |       |    76 |    11 ||    87
Throw: Dart              |       |     2 |    24 |     3 ||    29
Invok: Depart the Abyss  |     1 |       |       |       ||     1
       Bend Space        |       |       |       |     1 ||     1
Evoke: Wand              |       |       |    11 |       ||    11
  Use: Scroll            |       |       |    10 |       ||    10
 Stab: Sleeping          |     9 |     1 |     6 |       ||    16
       Distracted        |     1 |     1 |       |       ||     2
       Paralysed         |       |       |    29 |       ||    29
  Eat: Chunk             |     4 |    16 |    23 |     1 ||    44
Armor: Skin              |    11 |     5 |     4 |       ||    20
Dodge: Dodged            |    54 |    48 |    99 |     9 ||   210
Block: Shield            |       |    43 |   106 |     7 ||   156

Table legend:
 A = Non-vault XP
 B = Vault XP
 C = Vault XP percentage of total XP
 D = Non-vault monster count
 E = Vault monster count
 F = Vault count percentage of total count
                 A         B        C        D         E       F
            +---------+---------+-------+---------+---------+-------
      Total |    3443 |    1670 |  32.7 |     150 |      15 |   9.1
            +---------+---------+-------+---------+---------+-------
        D:1 |      42 |       0 |   0.0 |      24 |       0 |   0.0
        D:2 |      32 |       0 |   0.0 |      10 |       0 |   0.0
        D:3 |     197 |       0 |   0.0 |      36 |       0 |   0.0
        D:4 |     551 |     202 |  26.8 |      27 |       2 |   6.9
        D:5 |     231 |     461 |  66.6 |       6 |       3 |  33.3
        D:6 |     711 |     498 |  41.2 |      19 |       5 |  20.8
        D:7 |    1090 |     509 |  31.8 |      19 |       5 |  20.8
        D:8 |     586 |       0 |   0.0 |       8 |       0 |   0.0
     Temple |       3 |       0 |   0.0 |       1 |       0 |   0.0
            +---------+---------+-------+---------+---------+-------
